Workbook
Name _ftn1: Прейскурант!#REF!
Name _ftnref1: Прейскурант!$B$2318
Name OLE_LINK1: Прейскурант!#REF!

Sheet Прейскурант
A1: УТВЕРЖДАЮ
E2: Директор ООО МЦ "Доверие" ________ Распопова О.В.
C4: ПРАЙС
A5: Действующие (c 01.11.2024 г.) цены на исследования, выполняемые в лаборатории INVITRO.
A7: Цены указаны в рублях (не облагаются налогом на добавленную стоимость в соответствии с пп. 2 п.2
A8: ПРОГРАММЫ ЛАБОРАТОРНОГО ОБСЛЕДОВАНИЯ
A9: Код | B9: Наименование профиля исследований | F9: Сроки исполнения* | G9: Цена* | H9: КОД НМУ
A10: 11HOMA | B10: Индекс инсулинорезистентности (глюкоза, инсулин, расчетный индекс инсулинорезистентности HOMA- IR) | F10: 1 | G10: 695 | H10: =VLOOKUP(A10,[1]Прейскурант!$B$10:$I$2573,8,0) -> A09.05.056.000.01
A11: ОБС45 | B11: Анализы для детского сада и школы (Глюкоза (в крови), Анализ кала на яйца гельминтов, Анализ кала на простейшие, Анализ на энтеробиоз, Общий анализ крови (без лейкоцитарной формулы и СОЭ), СОЭ, Анализ мочи общий , Лейкоцитарная формула) | F11: 1 | G11: 1820 | H11: =VLOOKUP(A11,[1]Прейскурант!$B$10:$I$2573,8,0) -> 0
A12: ОБС46 | B12: Ежегодное профилактическое обследование (после 40 лет) (Креатинин (в крови), Мочевина (в крови), Глюкоза (в крови), Триглицериды, Холестерин общий (холестерин), Холестерин-ЛПВП, Холестерин-ЛПНП, Холестерин не-ЛПВП, Билирубин общий, Гомоцистеин, АлАТ , АсАТ , Гамма-глутамилтранспептидаза, ТТГ, Т4 свободный, Общий анализ крови (без лейкоцитарной формулы и СОЭ), СОЭ, Анализ мочи общий, Общий белок (в крови), Лейкоцитарная формула) | F12: до 2 | G12: 5300 | H12: =VLOOKUP(A12,[1]Прейскурант!$B$10:$I$2573,8,0) -> 0
A13: ОБС46NEW | B13: Ежегодная профилактика: расширенный (Общий анализ крови (ОАК), АЛТ, АСТ, Билирубин общий, Билирубин прямой, ГГТ, Глюкоза, Гликированный гемоглобин HbA1С, Креатинин, Мочевая кислота, Общий белок, Триглицериды, Холестерин общий, Холестерин ЛПВП, Холестерин ЛПНП, Кальций общий, Калий/Натрий/Хлор в сыворотке крови, Магний в сыворотке крови, Фосфор неорганический, Железо в сыворотке крови, Ферритин, Т4 свободный, ТТГ, Лейкоцитарная формула, Клубочковая фильтрация CKD-EPI, расчет) | F13: до 2 | G13: 5500 | H13: =VLOOKUP(A13,[1]Прейскурант!$B$10:$I$2573,8,0) -> #N/A
A14: ОБС47 | B14: Оценка иммунного ответа к детским инфекциям (Anti-Rubella-IgG, Антитела класса IgG Bordetella pertussis, Антитела класса IgG к вирусу кори, Антитела класса IgG эпидемического паротита, Антитела класса IgG к вирусу Varicella-Zoster, Антитела к дифтерийному анатоксину, IgG Diphtheria Toxoid IgG Antibody, Антитела к столбнячному анатоксину, IgG Tetanus Toxoid IgG Antibody, Anti-HBs) | F14: до 6 | G14: 6325 | H14: =VLOOKUP(A14,[1]Прейскурант!$B$10:$I$2573,8,0) -> 0
A15: ОБС47NEW | B15: Оценка иммунного ответа к детским инфекциям (Anti-Rubella-IgG, Антитела класса IgG к вирусу кори, количественный тест, Антитела класса IgG к вирусу Varicella-Zoster, Антитела класса IgG к вирусу эпидемического паротита, Антитела класса IgG Bordetella pertussis) | F15: до 5 | G15: 3760 | H15: =VLOOKUP(A15,[1]Прейскурант!$B$10:$I$2573,8,0) -> 0
A16: ОБС51 | B16: Профилактика заболеваний сердца и сосудов и их осложнения (Триглицериды, Холестерин общий,Холестерин-ЛПВП ,Холестерин-ЛПНП, Гомоцистеин, Высокочувствительный С-реактивный белок (кардио), Протромбин, МНО, Фибриноген, Холестерин не-ЛПВП) | F16: 1 | G16: 3250 | H16: =VLOOKUP(A16,[1]Прейскурант!$B$10:$I$2573,8,0) -> 0
A17: ОБС53 | B17: Липидный профиль расширенный (Триглицериды, Холестерин общий, Холестерин-ЛПВП , Холестерин-ЛПНП, Холестерин - ЛПОНП , Холестерин не-ЛПВП, Аполипопротеин А1, Аполипопротеин В, Липопротеин (a) (Lipoprotein (a) Lp(a)) | F17: до 2 | G17: 3120 | H17: =VLOOKUP(A17,[1]Прейскурант!$B$10:$I$2573,8,0) -> 0
A18: ОБС54 | B18: Липидный профиль скрининг (Триглицериды, Холестерин общий, Холестерин-ЛПВП, Холестерин-ЛПНП, Холестерин не-ЛПВП) | F18: 1 | G18: 800 | H18: =VLOOKUP(A18,[1]Прейскурант!$B$10:$I$2573,8,0) -> 0
A19: ОБС55 | B19: Диагностика антифосфолипидного синдрома (АФС) (Волчаночный антикоагулянт, Антитела к кардиолипину IgG, Антитела к бета-2-гликопротеину 1, суммарные IgG, IgA, IgM, Антитела к кардиолипину, IgM) | F19: до 7 | G19: 5000 | H19: =VLOOKUP(A19,[1]Прейскурант!$B$10:$I$2573,8,0) -> 0
A20: ОБС56 | B20: Обследование печени расширенное (Мочевина (в крови), Глюкоза (в крови), Холестерин общий, Билирубин общий, Билирубин прямой, АлАТ , АсАТ , Гамма-ГТ, Холинэстераза, Фосфатаза щёлочная, Протромбин, МНО, Общий белок (в крови), Anti-HCV-total , HBsAg) | F20: до 2 | G20: 2750 | H20: =VLOOKUP(A20,[1]Прейскурант!$B$10:$I$2573,8,0) -> 0
A21: ОБС57 | B21: Обследование печени скрининг (Билирубин общий, Билирубин прямой , АлАТ , АсАТ, Гамма-ГТ, Фосфатаза щёлочная) | F21: 1 | G21: 1025 | H21: =VLOOKUP(A21,[1]Прейскурант!$B$10:$I$2573,8,0) -> 0
A22: ОБС59 | B22: Диагностика аутоиммунного ГЕПАТИТА (Антитела к митохондриям Антитела к париетальным клеткам желудка. Антитела к гладкой мускулатуре, Антитела к микросомам печени и почек типа 1 (anti-LKM1), Антинуклеарный фактор (АНФ) | F22: до 7 | G22: 7370 | H22: =VLOOKUP(A22,[1]Прейскурант!$B$10:$I$2573,8,0) -> 0
A23: ОБС59NEW | B23: Скрининг аутоиммунного поражения печени (Иммуноглобулины класса М,Иммуноглобулины класса G,Антинуклеарный фактор,Антитела к митохондриям, IgG+A+M,Антитела к гладкой мускулатуре, IgG+A+M,Антитела к микросомам печени и почек, суммарно IgA+IgG+IgM) | F23: до 6 | G23: 6390 | H23: =VLOOKUP(A23,[1]Прейскурант!$B$10:$I$2573,8,0) -> 0
A24: ОБС60 | B24: Обследование ПОЧЕК расширенное (Креатинин (в крови), Мочевина (в крови), Общий белок (в моче), Альбумин (в моче). Проба Реберга, Общий анализ крови (без лейкоцитарной формулы и СОЭ), Анализ мочи общий, Общий белок (в крови), K/Na/Cl, Фосфор неорганический (в крови), Кальций общий) | F24: до 2 | G24: 2505 | H24: =VLOOKUP(A24,[1]Прейскурант!$B$10:$I$2573,8,0) -> 0
A25: ОБС60NEW | B25: Обследование почек: расширенное (Общий анализ крови, Альбумин, Креатинин, Мочевина, Мочевая кислота, Общий белок, Триглицериды, Холестерин общий, Холестерин ЛПВП, Холестерин ЛПНП, Кальций общий, Калий/Натрий/Хлор в сыворотке крови, Фосфор неорганический, Анализ мочи общий, Лейкоцитарная формула, Ретикулоциты, Альбумин, разовая порция мочи , Белок, разовая порция мочи, Концентрация в моче, Клубочковая фильтрация CKD-EPI, расчет) | F25: до 2 | G25: 4165 | H25: =VLOOKUP(A25,[1]Прейскурант!$B$10:$I$2573,8,0) -> #N/A
A26: ОБС61 | B26: Обследование ПОЧЕК: скрининг (Креатинин (в крови), Мочевина (в крови), Анализ мочи общий, Общий белок (в крови), K/Na/Cl | F26: 1 | G26: 1005 | H26: =VLOOKUP(A26,[1]Прейскурант!$B$10:$I$2573,8,0) -> 0
A27: ОБС61NEW | B27: Обследование почек: скрининг (Общий анализ крови, Креатинин, Мочевина, Мочевая кислота, Общий белок, Калий/Натрий/Хлор в сыворотке крови, Анализ мочи общий, Лейкоцитарная формула, Альбумин, разовая порция мочи, Концентрация в моче, Клубочковая фильтрация CKD-EPI, расчет) | F27: до 2 | G27: 2165 | H27: =VLOOKUP(A27,[1]Прейскурант!$B$10:$I$2573,8,0) -> #N/A
A28: ОБС62 | B28: Диагностика ЦЕЛИАКИИ: непереносимость белка злаковых (Антитела к деамидированным пептидам глиадина, IgG, Антитела к деамидированным пептидам глиадина, IgA, Антитела к ретикулину IgA и IgG, Иммуноглобулины класса A (IgA), Антитела класса IgА к тканевой трансглютаминазе, Антитела класса IgG к тканевой трансглютаминазе, Антитела к эндомизию, IgA | F28: до 7 | G28: 6595 | H28: =VLOOKUP(A28,[1]Прейскурант!$B$10:$I$2573,8,0) -> 0
A29: ОБС63 | B29: БОЛИ В СУСТАВАХ: расширенное обследование (АСЛ-О, С-реактивный белок, Ревматоидный фактор, Остеокальцин, Дезоксипиридинолин в моче (ДПИД), Паратгормон, Антитела класса IgA к антигенам Yersinia Enterocolitica, Антитела класса IgG к антигенам Yersinia Enterocolitica, Фосфор неорганический (в крови), Кальций общий, Аnti- Chlamydia tr. IgA + anti- Chlamydia tr. IgG), АЦЦП) | F29: до 3 | G29: 10835 | H29: =VLOOKUP(A29,[1]Прейскурант!$B$10:$I$2573,8,0) -> 0
A30: ОБС64 | B30: Артриты при ревматических заболеваниях (АСЛ-О, С-реактивный белок , Ревматоидный фактор, Антиядерные антитела, скрининг Antibodies against nuclear antigens, Общий анализ крови (без лейкоцитарной формулы и СОЭ), СОЭ) | F30: до 2 | G30: 2420 | H30: =VLOOKUP(A30,[1]Прейскурант!$B$10:$I$2573,8,0) -> 0
A31: ОБС64MOD | B31: Боли в суставах: скрининг (АЦЦП, АНФ, Асл-О, С-Реактивный белок, АТ к ЭНА, Ревматоидный фактор) | F31: до 7 | G31: 4985 | H31: =VLOOKUP(A31,[1]Прейскурант!$B$10:$I$2573,8,0) -> 0
A32: ОБС65 | B32: Контроль ДИАБЕТА расширенный (Креатинин (в крови), Глюкоза (в крови), Гликированный гемоглобин, Триглицериды, Холестерин общий , Холестерин-ЛПВП, Холестерин-ЛПНП, Холестерин не-ЛПВП, Гомоцистеин, Альбумин (в моче), Проба Реберга, Глюкоза (в моче)) | F32: до 2 | G32: 3740 | H32: =VLOOKUP(A32,[1]Прейскурант!$B$10:$I$2573,8,0) -> 0
A33: ОБС65NEW | B33: Контроль диабета: расширенный (Общий анализ крови ,Глюкоза (в крови),Гликированный гемоглобин,Общий белок (в крови),Билирубин общий, Триглицериды, Холестерин общий,Холестерин-ЛПВП,АлАТ, АсАТ, Клубочковая фильтрация, расчет по формуле CKD-EPI – креатинин, Мочевина (в крови),Мочевая кислота (в крови), Калий (К+, Potassium), Натрий (Na+, Sodium), Хлор (Сl-, Chloride),Анализ мочи общий,Альбумин/креатинин-соотношение в разовой порции мочи) | F33: до 2 | G33: 3925 | H33: =VLOOKUP(A33,[1]Прейскурант!$B$10:$I$2573,8,0) -> 0
A34: ОБС66 | B34: Контроль ДИАБЕТА скрининг (Глюкоза (в крови), Гликированный гемоглобин) | F34: до 2 | G34: 610 | H34: =VLOOKUP(A34,[1]Прейскурант!$B$10:$I$2573,8,0) -> 0
A35: ОБС67 | B35: ДИАБЕТ: аутоиммунные маркёры (АТ к инсулину, АТ-GAD (антитела к глутаматдекарбоксилазе), АТ к тирозинфосфатазе (IA-2) | F35: до 10 | G35: 4115 | H35: =VLOOKUP(A35,[1]Прейскурант!$B$10:$I$2573,8,0) -> 0
A36: ОБС68 | B36: Диагностика АНЕМИЙ (Трансферрин, Латентная (ненасыщенная) железосвязывающая способность сыворотки крови, Ферритин, Витамин B12, Фолиевая кислота, Общий анализ крови (без лейкоцитарной формулы и СОЭ), Ретикулоциты, Железо сыворотки, Лейкоцитарная формула) | F36: до 2 | G36: 3745 | H36: =VLOOKUP(A36,[1]Прейскурант!$B$10:$I$2573,8,0) -> 0
A37: ОБС69 | B37: ОНКОРИСК мужской: предстательная железа (ПСА общий , ПСА свободный, % соотношение ПСА/ПСА св.) | F37: 1 | G37: 910 | H37: =VLOOKUP(A37,[1]Прейскурант!$B$10:$I$2573,8,0) -> 0
A38: ОБС70 | B38: ОНКОРИСК женский: шейка матки (Цитологическое исследование биоматериала шейки матки (окрашивание по Папаниколау, Рар-тест), ВПЧ расширенный скрининг (Типы 6, 11, 16, 18, 31, 33, 35, 39, 45, 51, 52, 56, 58, 59, 68) + КВМ), (уретральный, вагинальный, цервикальный соскобы) | F38: до 4 | G38: 2460 | H38: =VLOOKUP(A38,[1]Прейскурант!$B$10:$I$2573,8,0) -> 0
A39: ОБС71 | B39: Диагностика ОСТЕОПОРОЗА (Остеокальцин, Дезоксипиридинолин в моче (ДПИД), Паратгормон, Фосфор неорганический (в крови), Кальций общий) | F39: до 2 | G39: 6430 | H39: =VLOOKUP(A39,[1]Прейскурант!$B$10:$I$2573,8,0) -> 0
A40: ОБС71NEW | B40: Лабораторная диагностика остеопороза (Фосфор неорганический, Кальций общий , Паратиреоидный гормон, β-Cross laps, Фосфатаза щелочная , Остеокальцин) | F40: до 3 | G40: 3145 | H40: =VLOOKUP(A40,[1]Прейскурант!$B$10:$I$2573,8,0) -> #N/A
A41: ОБС73 | B41: БИОХИМИЯ крови: расширенный профиль (Креатинин (в крови), Мочевина (в крови), Глюкоза (в крови), Триглицериды, Холестерин общий, Холестерин-ЛПВП, Холестерин-ЛПНП, Холестерин не-ЛПВП, Билирубин общий, Билирубин прямой , АлАТ , АсАТ, Альфа-Амилаза , Гамма-ГТ, ЛДГ , Фосфатаза щёлочная , Общий белок (в крови), K/Na/Cl, Железо сыворотки, Кальций общий) | F41: до 2 | G41: 3450 | H41: =VLOOKUP(A41,[1]Прейскурант!$B$10:$I$2573,8,0) -> 0
A42: ОБС74 | B42: БИОХИМИЯ крови: минимальный профиль (Креатинин (в крови), Мочевина (в крови), Глюкоза (в крови), Холестерин общий , Билирубин общий, Билирубин прямой , АлАТ , АсАТ , Гамма-ГТ, Фосфатаза щёлочная , Общий белок (в крови), K/Na/Cl) | F42: 1 | G42: 2060 | H42: =VLOOKUP(A42,[1]Прейскурант!$B$10:$I$2573,8,0) -> 0
A43: ОБС75 | B43: Щитовидная железа: расширенное обследование (ТТГ, Т4 свободный, Т3 свободный, АТ-ТПО, АТ-ТГ) | F43: 1 | G43: 1905 | H43: =VLOOKUP(A43,[1]Прейскурант!$B$10:$I$2573,8,0) -> 0
A44: ОБС76 | B44: ЩИТОВИДНАЯ ЖЕЛЕЗА: скрининг (ТТГ, Т4 свободный, АТ-ТПО) | F44: 1 | G44: 1125 | H44: =VLOOKUP(A44,[1]Прейскурант!$B$10:$I$2573,8,0) -> 0
A45: ОБС77 | B45: Госпитализация в ТЕРАПЕВТИЧЕСКИЙ стационар (Креатинин (в крови), Мочевина (в крови), Глюкоза (в крови), Билирубин общий, Билирубин прямой , АлАТ, АсАТ, Гамма-ГТ, Фосфатаза щёлочная , Антитела к ВИЧ 1 и 2 и антиген ВИЧ 1 и 2, Сифилис RPR, Общий анализ крови (без лейкоцитарной формулы и СОЭ), СОЭ , Анализ мочи общий, Общий белок (в крови), K/Na/Cl, Anti-HCV-total , HBsAg, Лейкоцитарная формула) | F45: 1 | G45: 3665 | H45: =VLOOKUP(A45,[1]Прейскурант!$B$10:$I$2573,8,0) -> 0
A46: ОБС78 | B46: Госпитализация в ХИРУРГИЧЕСКИЙ стационар (Креатинин (в крови), Мочевина (в крови), Глюкоза (в крови), Билирубин общий, Билирубин прямой , АлАТ, АсАТ , Гамма-ГТ, Фосфатаза щёлочная , Антитела к ВИЧ 1 и 2 и антиген ВИЧ 1 и 2, Сифилис RPR, Общий анализ крови (без лейкоцитарной формулы и СОЭ), СОЭ, Анализ мочи общий, Группа крови, Резус-принадлежность, Протромбин, МНО , Фибриноген, Антитромбин III, Общий белок (в крови), K/Na/Cl, Anti-HCV-total , HBsAg, Лейкоцитарная формула, АЧТВ) | F46: 1 | G46: 5150 | H46: =VLOOKUP(A46,[1]Прейскурант!$B$10:$I$2573,8,0) -> 0
A47: ОБС79 | B47: Ежегодное ПРОФИЛАКТИЧЕСКОЕ лабораторное обследование (Креатинин (в крови), Мочевина (в крови), Глюкоза (в крови), Триглицериды, Холестерин общий, Холестерин-ЛПВП, Холестерин-ЛПНП, Холестерин не-ЛПВП, Билирубин общий, Билирубин прямой , АлАТ, АсАТ, Гамма-ГТ,Фосфатаза щёлочная, С-реактивный белок, ТТГ, Общий анализ крови (без лейкоцитарной формулы и СОЭ), СОЭ,Общий белок (в крови), Железо сыворотки, Кальций общий, Лейкоцитарная формула) | F47: 1 | G47: 4100 | H47: =VLOOKUP(A47,[1]Прейскурант!$B$10:$I$2573,8,0) -> 0
A48: ОБС80 | B48: ЖЕНСКИЙ ГОРМОНАЛЬНЫЙ профиль: дисфункция яичников, нарушение менструального цикла (Кортизол, ТТГ, ФСГ, ЛГ, Пролактин, Эстрадиол, ДЭА-S04, Тестостерон, ГСПГ, 17-ОН прогестерон) | F48: до 3 | G48: 4130 | H48: =VLOOKUP(A48,[1]Прейскурант!$B$10:$I$2573,8,0) -> 0
A49: ОБС80NEW | B49: Женский гормональный профиль: дисфункция яичников, нарушения менструального цикла (ТТГ,ФСГ,ЛГ,Пролактин (Prolactin) (+ дополнительный тест на макропролактин при результате пролактина выше 700 мЕд/л),Эстрадиол,Тестостерон,Дегидроэпиандростерон-сульфат,ГСПГ,17-ОН-прогестерон,АМГ,Индекс инсулинорезистентности HOMA) | F49: до 3 | G49: 5700 | H49: =VLOOKUP(A49,[1]Прейскурант!$B$10:$I$2573,8,0) -> 0
A50: ОБС81 | B50: Проблемы НЕВЫНАШИВАНИЯ: аутоиммунный профиль (АТ-ТПО, АТ-ТГ, Антиядерные антитела, Антитела к фосфолипидам IgM/IgG, Волчаночный антикоагулянт, Иммуноглобулины класса A (IgA), Иммуноглобулины класса М (IgM), Иммуноглобулины класса G (IgG), Протромбин, МНО, АЧТВ) | F50: до 4 | G50: 5545 | H50: =VLOOKUP(A50,[1]Прейскурант!$B$10:$I$2573,8,0) -> 0
A51: ОБС82 | B51: Оценка андрогенного статуса (ДЭА-S04, Тестостерон, ГСПГ, 17-ОН прогестерон) | F51: до 3 | G51: 1805 | H51: =VLOOKUP(A51,[1]Прейскурант!$B$10:$I$2573,8,0) -> 0
A52: ОБС83 | B52: ХОЧУ СТАТЬ МАМОЙ: комплексное обследование при планировании беременности (Креатинин (в крови), Глюкоза (в крови), Билирубин общий, АлАТ, АсАТ , Антитела к ВИЧ 1 и 2 и антиген ВИЧ 1 и 2, Сифилис (анти-Tr. pallidum IgG/IgM), Anti-Toxo-IgG, Anti-CMV-IgG , Anti-Rubella-IgG , Anti-HSV-IgG , ТТГ, ФСГ, ЛГ, Пролактин, Эстрадиол, ДЭА-S0), Тестостерон, Общий анализ крови (без лейкоцитарной формулы и СОЭ), Группа крови, Резус-принадлежность, Общий белок (в крови), Anti-HCV-total , HBsAg, качественный тест, Аnti- Chlamydia tr. IgA + anti- Chlamydia tr. IgG) | F52: до 3 | G52: 8625 | H52: =VLOOKUP(A52,[1]Прейскурант!$B$10:$I$2573,8,0) -> 0
A53: ОБС84 | B53: TORCH-инфекции (Anti-Toxo-IgG, Anti-Toxo-IgM, Anti-CMV-IgG , Anti-CMV-IgM, Anti-Rubella-IgG, Anti-Rubella-IgM, Anti-HSV-IgG, Anti-HSV-IgМ) | F53: до 2 | G53: 3765 | H53: =VLOOKUP(A53,[1]Прейскурант!$B$10:$I$2573,8,0) -> 0
A54: ОБС85NEW | B54: Беременность: 1-й триместр (1-13 недели) или 1-й визит (Лейкоцитарная формула,Анализ крови,СОЭ,Группа крови,Резус­-принадлежность,АЧТВ,Протромбин, МНО,Фибриноген,Глюкоза (в крови),Общий белок (в крови),Билирубин общий,Билирубин прямой,АлАТ,АсАТ,Креатинин (в крови),Мочевина (в крови) (Urea),ТТГ,Антитела к ВИЧ 1 и 2 и антиген ВИЧ 1 и 2,HBsAg, качественный тест,Anti-HCV-total,Anti-Rubella-IgG,Anti-Rubella-IgM,Антитела классов IgM и IgG к антигенам бледной трепонемы, суммарно) | F54: до 2 | G54: 5715 | H54: =VLOOKUP(A54,[1]Прейскурант!$B$10:$I$2573,8,0) -> 0
A55: ОБС86 | B55: Беременность: 2-й триместр (12-28 неделя беременности) (Клинический анализ крови: общий анализ, лейкоформула, СОЭ,Анализ мочи общий) | F55: 1 | G55: 590 | H55: =VLOOKUP(A55,[1]Прейскурант!$B$10:$I$2573,8,0) -> 0
A56: ОБС87 | B56: Беременность: 3-й триместр (с 29-ой по 30-ю неделю беременности) (Креатинин (в крови), Мочевина (в крови), Глюкоза (в крови), Билирубин общий, Билирубин прямой, АлАТ, АсАТ, Антитела к ВИЧ 1 и 2 и антиген ВИЧ 1 и 2, Сифилис (анти-Tr. pallidum IgG/IgM), Общий анализ крови (без лейкоцитарной формулы и СОЭ), СОЭ , Протромбин, МНО, Фибриноген, Общий белок (в крови), Anti-HCV-total , HBsAg, Лейкоцитарная формула, АЧТВ) | F56: до 2 | G56: 3875 | H56: =VLOOKUP(A56,[1]Прейскурант!$B$10:$I$2573,8,0) -> 0
A57: ОБС88 | B57: Планирование беременности: диагностика урогенитальных инфекций (Микроскопическое (бактериоскопическое) исследование окрашенного мазка по Граму, Chlamydia trachomatis ПЦР, Mycoplasma hominis ПЦР, Neisseria gonorrhoeae ПЦР, Trichomonas vaginalis ПЦР Mycoplasma genitalium ПЦР, Herpes simplex virus 1, 2 ПЦР, Уреаплазма, определение ДНК ,Уреаплазма, определение ДНК) | F57: до 3 | G57: 2285 | H57: =VLOOKUP(A57,[1]Прейскурант!$B$10:$I$2573,8,0) -> 0
A58: ОБС89 | B58: ЗДОРОВЫЙ РЕБЕНОК: для детей от 0 до 14 лет (Общий анализ крови (без лейкоцитарной формулы и СОЭ), СОЭ, Анализ мочи общий, Лейкоцитарная формула) | F58: 1 | G58: 855 | H58: =VLOOKUP(A58,[1]Прейскурант!$B$10:$I$2573,8,0) -> 0
A59: ОБС90 | B59: ВИЧ, сифилис, гепатит В, С (Антитела к ВИЧ 1 и 2 и антиген ВИЧ 1 и 2, Сифилис RPR , Сифилис (анти-Tr. pallidum IgG/IgM), Anti-HCV-total, HBsAg) | F59: до 2 | G59: 1400 | H59: =VLOOKUP(A59,[1]Прейскурант!$B$10:$I$2573,8,0) -> 0
A60: ОБС91 | B60: СЕКС В БОЛЬШОМ ГОРОДЕ: анализ крови (Антитела к ВИЧ 1 и 2 и антиген ВИЧ 1 и 2, Сифилис RPR, Сифилис (анти-Tr. pallidum IgG/IgM), Anti-HCV-total, HBsAg, Anti-HBс-total, Аnti- Chlamydia tr. IgA + anti- Chlamydia tr. IgG, Anti-HSV-2 IgG) | F60: до 5 | G60: 3655 | H60: =VLOOKUP(A60,[1]Прейскурант!$B$10:$I$2573,8,0) -> 0
A61: ОБС92 | B61: СЕКС В БОЛЬШОМ ГОРОДЕ: 14 инфекций+мазок на флору (Антитела к ВИЧ 1 и 2 и антиген ВИЧ 1 и 2, Сифилис (анти-Tr. pallidum IgG/IgM), Микроскопическое (бактериоскопическое) исследование окрашенного мазка по Граму, Anti-HCV-total, HBsAg, Chlamydia trachomatisПЦР, Mycoplasma hominis, ПЦР, Gardnerella vaginalis, ПЦР, Neisseria gonorrhoeae ПЦР, Trichomonas vaginalis ПЦР, Mycoplasma genitaliumПЦР, Herpes simplex virus 1, 2 ПЦР, Дифференцированное определение ДНК ВПЧ (16, 18) ПЦР, Ureaplasma urealyticum+parvum ПЦР,Candida albicans ПЦР) | F61: до 3 | G61: 4080 | H61: =VLOOKUP(A61,[1]Прейскурант!$B$10:$I$2573,8,0) -> 0
A62: ОБС93 | B62: СЕКС В БОЛЬШОМ ГОРОДЕ: 8 инфекций+мазок на флору (Антитела к ВИЧ 1 и 2 и антиген ВИЧ 1 и 2, Сифилис (анти-Tr. pallidum IgG/IgM), Микроскопическое (бактериоскопическое) исследование окрашенного мазка по Граму, Anti-HCV-total, HBsAg, Chlamydia trachomatis, ПЦР, Neisseria gonorrhoeae ПЦР, Trichomonas vaginalis, ПЦР, Mycoplasma genitalium, ПЦР | F62: до 3 | G62: 2645 | H62: =VLOOKUP(A62,[1]Прейскурант!$B$10:$I$2573,8,0) -> 0
A63: ОБС94 | B63: ПРОБЛЕМЫ ВЕСА (первичное обследование здоровья пациентов с нарушениями веса) (Глюкоза (в крови), Гликированный гемоглобин, Триглицериды, Холестерин общий, Холестерин-ЛПВП, Холестерин-ЛПНП, Кортизол, ТТГ, Пролактин, Лептин) | F63: до 6 | G63: 3335 | H63: =VLOOKUP(A63,[1]Прейскурант!$B$10:$I$2573,8,0) -> 0
A64: ОБС94NEW | B64: Проблемы веса (первичное обследование пациентов с нарушением веса) (Общий анализ крови, Лейкоцитарная формула, Глюкоза (в крови), Гликированный гемоглобин, Триглицериды, Холестерин общий, Холестерин-ЛПВП, Холестерин-ЛПНП, Гамма-глутамилтранспептидаза, АлАТ , АсАТ , Билирубин общий , Клубочковая фильтрация, Мочевая кислота (в крови) , Тиреотропный гормон , Пролактин (Prolactin) (+ дополнительный тест на макропролактин при результате пролактина выше 700 мЕд/л) | F64: до 2 | G64: 3625 | H64: =VLOOKUP(A64,[1]Прейскурант!$B$10:$I$2573,8,0) -> 0
A65: ОБС95 | B65: VIP-обследование для женщин (Креатинин (в крови),Мочевина (в крови), Мочевая кислота (в крови), Глюкоза (в крови), Триглицериды, Холестерин общий, Холестерин-ЛПВП, Холестерин-ЛПНП, Холестерин не-ЛПВП, Билирубин общий, Билирубин прямой, АлАТ, АсАТ, Гамма-ГТ, ЛДГ, Фосфатаза щёлочная, С-реактивный белок, Ревматоидный фактор, Трансферрин, Ферритин, Антитела к ВИЧ 1 и 2 и антиген ВИЧ 1 и 2, Сифилис RPR, Сифилис (анти-Tr. pallidum IgG/IgM), Anti-Toxo-IgG , Anti-CMV-IgG, Anti-HSV-IgG, Anti-H.pylori IgG, ТТГ, Т4 свободный, АТ-ТПО, АТ-ТГ, Пролактин, Антинуклеарные антитела, IgG, скрининг, ИФА, Антитела класса IgG к двуспиральной (нативной) ДНК, Антитела к фосфолипидам IgM/IgG, Аполипопротеин А1, Аполипопротеин В, Общий анализ крови (без лейкоцитарной формулы и СОЭ), СОЭ, Анализ мочи общий, Протромбин, МНО, Общий белок (в крови), K/Na/Cl, Магний, Фосфор неорганический (в крови), Железо сыворотки, Кальций общий, Anti-HCV-total, HBsAg, качественный тест, Anti-HBс-total, Anti-HBs, Липопротеин, Лейкоцитарная формула, Аnti- Chlamydia tr. IgA + anti- Chlamydia tr. IgG) | F65: до 5 | G65: 18795 | H65: =VLOOKUP(A65,[1]Прейскурант!$B$10:$I$2573,8,0) -> #N/A
A66: ОБС95NEW | B66: VIP-обследование для женщин (Протромбин, Общий анализ крови, АЛТ, АСТ, Билирубин общий, Билирубин прямой, ГГТ, Глюкоза, Креатинин, Мочевина, Мочевая кислота, Общий белок, Триглицериды, Холестерин общий, Холестерин ЛПВП, Холестерин ЛПНП, Фосфатаза щелочная, Кальций общий, Калий/Натрий/Хлор в сыворотке крови, Магний, Фосфор неорганический, Железо, Ферритин, Т4 свободный, ТТГ, АТ-ТПО, ФСГ, ЛГ, Эстрадиол, Антитела к ВИЧ 1 и 2 и антиген ВИЧ 1 и 2, Aнтитела классов IgM и IgG к Treponema pallidum, HBs-антиген вируса гепатита В, Антитела классов IgM и IgG к вирусу гепатита С, Лейкоцитарная формула, Антиядерные антитела, Гомоцистеин, Аполипопротеин А1, Аполипопротеин B, 25-OH витамин D общий, Липопротеин (a), Высокочувствительный С-реактивный белок) | F66: до 4 | G66: 15990 | H66: =VLOOKUP(A66,[1]Прейскурант!$B$10:$I$2573,8,0) -> 0
A67: ОБС96 | B67: VIP-обследование для мужчин (Креатинин (в крови), Мочевина (в крови), Мочевая кислота (в крови), Глюкоза (в крови), Триглицериды, Холестерин общий, Холестерин-ЛПВП, Холестерин-ЛПНП, Холестерин не-ЛПВП, Билирубин общий, Билирубин прямой, АлАТ, АсАТ, Гамма-ГТ, ЛДГ, Фосфатаза щёлочная, С-реактивный белок, Ревматоидный фактор, Трансферрин, Ферритин, Антитела к ВИЧ 1 и 2 и антиген ВИЧ 1 и 2, Сифилис RPR, Сифилис (анти-Tr. pallidum IgG/IgM), Anti-H.pylori IgG, ТТГ, Т4 свободный, АТ-ТПО, АТ-ТГ, Тестостерон, ГСПГ, ПСА общий , ПСА свободный , Антитела к фосфолипидам IgM/IgG, Аполипопротеин А1, Аполипопротеин В, Общий анализ крови (без лейкоцитарной формулы и СОЭ), СОЭ, Анализ мочи общий, Протромбин, МНО, Общий белок (в крови), K/Na/Cl, Магний, Фосфор неорганический (в крови), Железо сыворотки, Кальций общий, Anti-HCV-total, HBsAg, Anti-HBс-total, Anti-HBs, Липопротеин (a) (Lipoprotein (a) Lp(a), Лейкоцитарная формула, Аnti- Chlamydia tr. IgA + anti- Chlamydia tr. IgG | F67: до 5 | G67: 17315 | H67: =VLOOKUP(A67,[1]Прейскурант!$B$10:$I$2573,8,0) -> #N/A
A68: ОБС96NEW | B68: VIP-обследование для мужчин (Протромбин, Общий анализ крови, АЛТ, АСТ, Билирубин общий, Билирубин прямой, ГГТ, Глюкоза, Креатинин, Мочевина, Мочевая кислота, Общий белок, Триглицериды, Холестерин общий, Холестерин ЛПВП, Холестерин ЛПНП, Фосфатаза щелочная, Кальций общий, Калий/Натрий/Хлор в сыворотке крови, Магний, Фосфор неорганический, Железо, Ферритин, Т4 свободный, ТТГ, АТ-ТПО, Тестостерон, Антитела к ВИЧ 1 и 2 и антиген ВИЧ 1 и 2, Aнтитела классов IgM и IgG к Treponema pallidum, HBs-антиген вируса гепатита В, Антитела классов IgM и IgG к вирусу гепатита С, Лейкоцитарная формула, Антиядерные антитела, Гомоцистеин, Аполипопротеин А1, Аполипопротеин B, 25-OH витамин D общий, Липопротеин (a), Высокочувствительный С-реактивный белок) | F68: до 4 | G68: 15190 | H68: =VLOOKUP(A68,[1]Прейскурант!$B$10:$I$2573,8,0) -> 0
A69: ОБС97 | B69: ДОРЗ, ОРВИ (насморк, кашель, боль в горле) (Anti-Chlamydophila pneumonia-IgM , Anti-Chlamydophila pneumonia-IgG, Anti-Mycoplasma pneumoniae-IgM/G, Антитела класса IgM к Bordetella pertussis, Антитела класса IgA к Bordetella pertussis, Антитела класса IgG к Respiratory syncyt. vir., Антитела класса IgM к Respiratory syncyt. vir., Цитологическое исследование соскоба (мазка) со слизистой оболочки полости носа (две локализации), Общий анализ крови (без лейкоцитарной формулы и СОЭ), СОЭ, Лейкоцитарная формула, Посев отделяемого верхних дыхательных путей на микрофлору и определение чувствительности к антимикробным препаратам (одна локализация) | F69: до 6 | G69: 8080 | H69: =VLOOKUP(A69,[1]Прейскурант!$B$10:$I$2573,8,0) -> 0
A70: ОБС98 | B70: Аллергия на животных, пыль, плесень (IgE общий (Иммуноглобулин Е общий), Кошка, IgE, Собака, IgE, Таракан, IgE, Клещ Dermatophagoides pteronyssinus (D1), IgE, Клещ Dermatophagoides farinae (D2), IgE, Плесень Penicillium notatum, IgE, Плесень Cladosporium herbarum, IgE, Плесень Aspergillus fumigatus, IgE, Плесень Candida albicans, IgE, Плесень Alternaria tenuis, IgE, Домашняя пыль/H1-Greer, IgE, Смесь аллергенов домашних грызунов: эпителий морской свинки, эпителий кролика, эпителий хомяка, крыса, мышь, IgE (EP70 (E6, E82, E84, E87, E88) | F70: до 2 | G70: 6670 | H70: =VLOOKUP(A70,[1]Прейскурант!$B$10:$I$2573,8,0) -> 0
... A73: ОБС101 | B73: Аллергия на растения IgE общий (Иммуноглобулин Е общий), Смесь аллергенов травы: ежа сборная, овсяница луговая, рожь многолетняя, тимофеевка, мятлик луговой (GP1), IgE, Смесь аллергенов травы: колосок душистый, рожь многолетняя, тимофеевка, рожь культивированная; бухарник шерстистый (GP1), IgE, Смесь аллергенов деревьев: ольха, лещина обыкновенная, ива, берёза, дуб (TP9), IgE, ответ суммарный, Смесь аллергенов сорной травы: амброзия обыкновенная, полынь обыкновенная, марь белая, подорожник, чертополох русский (WP1), IgE, Тополь, IgE | F73: до 2 | G73: 5225 | H73: =VLOOKUP(A73,[1]Прейскурант!$B$10:$I$2573,8,0) -> 0
A74: ОБС103 | B74: Гемостазиограмма (коагулограмма), скрининг (Протромбин, МНО, Фибриноген, АЧТВ, Тромбиновое время) | F74: 1 | G74: 865 | H74: =VLOOKUP(A74,[1]Прейскурант!$B$10:$I$2573,8,0) -> B03.005.006
A75: ОБС104 | B75: Гемостазиограмма (коагулограмма) расширенная (D-димер, Тромбиновое время, Протромбин, МНО, Фибриноген. Антитромбин III, АЧТВ) | F75: 1 | G75: 2500 | H75: =VLOOKUP(A75,[1]Прейскурант!$B$10:$I$2573,8,0) -> 0
A76: ОБС105 | B76: Секс в большом городе: 12 инфекций (Chlamydia trachomatis, ПЦР, Mycoplasma hominis ПЦР, Gardnerella vaginalis ПЦР, Neisseria gonorrhoeae ПЦР, Trichomonas vaginalis ПЦР, Mycoplasma genitalium ПЦР, Herpes simplex virus 1, 2 ПЦР, Cytomegalovirus ПЦР, Дифференцированное определение ДНК ВПЧ высокого онкогенного риска 2-х типов (16, 18) ПЦР, Ureaplasma urealyticum+parvum ПЦР, Candida albicans ПЦР) | F76: до 2 | G76: 2625 | H76: =VLOOKUP(A76,[1]Прейскурант!$B$10:$I$2573,8,0) -> 0
A77: ОБС106 | B77: Госпитализация в ХИРУРГИЧЕСКИЙ стационар: расширенное обследование (Креатинин (в крови), Мочевина (в крови), Глюкоза (в крови), Триглицериды, Холестерин общий, Билирубин общий, Билирубин прямой, АлАТ, АсАТ, Гамма-ГТ, Фосфатаза щёлочная, Антитела к ВИЧ 1 и 2 и антиген ВИЧ 1 и 2, Сифилис RPR, Тромбиновое время, Общий анализ крови (без лейкоцитарной формулы и СОЭ), СОЭ, Анализ мочи общий, Группа крови, Резус-принадлежность, Протромбин, МНО, Фибриноген, Антитромбин III, Альбумин (в крови), Общий белок (в крови), K/Na/Cl, Anti-HCV-total, HBsAg,Лейкоцитарная формула , АЧТВ, Посев на патогенную кишечную флору, Посев на золотистый стафилококк МРЗС (S.aureus, MRSA) | F77: до 6 | G77: 7865 | H77: =VLOOKUP(A77,[1]Прейскурант!$B$10:$I$2573,8,0) -> 0
A78: ОБС107 | B78: Перед диетой: минимальное обследование (Глюкоза (в крови), Гликированный гемоглобин, Триглицериды, Холестерин общий, Холестерин-ЛПВП, Холестерин-ЛПНП, Холестерин не-ЛПВП, ТТГ, Индекс атерогенности (только при назначении холестерина и альфа-холестерина) | F78: до 2 | G78: 1755 | H78: =VLOOKUP(A78,[1]Прейскурант!$B$10:$I$2573,8,0) -> 0
A79: ОБС108 | B79: Перед диетой: дополнительное обследование (Креатинин (в крови), Мочевая кислота (в крови), Билирубин общий, АлАТ, АсАТ, Альфа-Амилаза, Гамма-ГТ, Кортизол, Т4 свободный, ФСГ, ЛГ, Пролактин, Тестостерон, ГСПГ, С-Пептид, Фибриноген) | F79: до 2 | G79: 5675 | H79: =VLOOKUP(A79,[1]Прейскурант!$B$10:$I$2573,8,0) -> 0
A80: ОБС110 | B80: Оценка риска камнеобразования - литогенные субстанции мочи, суточная моча (кальций, магний, фосфор, оксалаты, мочевая кислота, креатинин суточной мочи с расчетом суточной экскреции). | F80: до 4 | G80: 2520 | H80: =VLOOKUP(A80,[1]Прейскурант!$B$10:$I$2573,8,0) -> 0
A81: ОБС111 | B81: Оценка риска камнеобразования - литогенные субстанции мочи, разовая порция мочи(кальций, магний, фосфор, оксалаты, мочевая кислота, креатинин разовой порции мочи, с расчетом нормализованных по креатинину показателей) ** в профиль входит тест CREA-U Концентрация креатинина в моче | F81: до 4 | G81: 2905 | H81: =VLOOKUP(A81,[1]Прейскурант!$B$10:$I$2573,8,0) -> 0
A82: ОБС112 | B82: Вегетарианцы (Общий белок, Кальций общий, Фосфор неорганический, 25-OH витамин D, Витамин B12, Ферритин) | F82: до 2 | G82: 3585 | H82: =VLOOKUP(A82,[1]Прейскурант!$B$10:$I$2573,8,0) -> 0
A83: ОБС113 | B83: Питание, исключающее красное мясо (Общий анализ крови, Общий белок, Витамин B12) | F83: до 2 | G83: 1090 | H83: =VLOOKUP(A83,[1]Прейскурант!$B$10:$I$2573,8,0) -> 0
A84: ОБС114 | B84: Белковая диета (Общий белок, Альбумин, Билирубин общий, Мочевина, Мочевая кислота, Цистатин С, K/Na/Cl, Кальций общий, Магний, Фолиевая кислота, Ферритин, Общий анализ мочи) | F84: до 2 | G84: 4090 | H84: =VLOOKUP(A84,[1]Прейскурант!$B$10:$I$2573,8,0) -> 0
A85: ОБС116 | B85: Подготовка к диете профиль Базовый (Глюкоза, Общий белок, Триглицериды, Холестерин общий, Холестерин ЛПВП, Холестерин ЛПНП, Т4 свободный, ТТГ, Кортизол, Инсулин, Лептин) | F85: до 5 | G85: 3585 | H85: =VLOOKUP(A85,[1]Прейскурант!$B$10:$I$2573,8,0) -> 0
A86: ОБС117 | B86: Подготовка к диете профиль Расширенный (Общий анализ крови, Гликированный гемоглобин HbA1С, Креатинин, Мочевина, Общий белок, Триглицериды, Холестерин общий, Холестерин ЛПВП, Холестерин ЛПНП, Кальций общий, Магний (Мg) в сыворотке крови, Ферритин, Т4 свободный, ТТГ, Кортизол,Лейкоцитарная формула, СОЭ, С-пептид, Лептин, 25-OH витамин D общий) | F86: до 5 | G86: 7505 | H86: =VLOOKUP(A86,[1]Прейскурант!$B$10:$I$2573,8,0) -> 0
A87: ОБС118 | B87: Красота здоровой кожи (Т4 свободный, ТТГ, Эстрадиол, Тестостерон, ДЭА-SO4, ГСПГ) | F87: до 2 | G87: 2450 | H87: =VLOOKUP(A87,[1]Прейскурант!$B$10:$I$2573,8,0) -> 0
A88: ОБС119 | B88: Сильные волосы, крепкие ногти, бархатная кожа (Кальций общий. Магний, Железо, Фолиевая кислота, Ферритин, Марганец сыворотка, Селен сыворотка, Цинк сыворотка) | F88: до 7 | G88: 3185 | H88: =VLOOKUP(A88,[1]Прейскурант!$B$10:$I$2573,8,0) -> 0
A89: ОБС120 | B89: Подагра (Клубочковая фильтрация, Мочевая кислота (кровь), Мочевая кислота (разовая порция мочи), Общий анализ мочи) ** в профиль входит тест CREA-U Концентрация креатинина в моче | F89: 1 | G89: 945 | H89: =VLOOKUP(A89,[1]Прейскурант!$B$10:$I$2573,8,0) -> 0
A90: ОБС121 | B90: Подготовка к беременности: базовый (Клинический анализ крови, Группа крови, Рузус-фактор, Глюкоза, Т4 свободный, ТТГ, Общий анализ мочи, ВИЧ, Сифилис RPR, Сифилис EIA, Гепатит В, Гепатит С, АТ IgG к вирусу Varicella-Zoster, АТ IgG к вирусу кори, количественный тест, АТ IgG к вирусу краснухи, Определение ДНК ВПЧ высокого онкогенного риска, скрининг 14 типов, Микроскопическое исследование окрашенного нативного мазка, Жидкостная цитология, ИНБИОФЛОР. Бактериальный вагиноз, ИНБИОФЛОР. Выявление возбудителей ИППП(4+КВМ)) | F90: до 7 | G90: 11150 | H90: =VLOOKUP(A90,[1]Прейскурант!$B$10:$I$2573,8,0) -> 0
A91: ОБС122 | B91: Подготовка к беременности: оценка витаминного статуса (Гомоцистеин, Витамин D, Витамин В12, Фолиевая кислота) | F91: до 2 | G91: 4935 | H91: =VLOOKUP(A91,[1]Прейскурант!$B$10:$I$2573,8,0) -> 0
A92: ОБС123 | B92: Подготовка к беременности: скрытый дефицит железа (Железо, Латентная железосвязывающая способность, Ферритин, Трансферрин) | F92: до 2 | G92: 1380 | H92: =VLOOKUP(A92,[1]Прейскурант!$B$10:$I$2573,8,0) -> 0
A93: ОБС124 | B93: Оценка метаболизма костной ткани и риска остеопороза: расширенное обследование (Общий анализ крови, СОЭ, Лейкоцитарная формула, Глюкоза, β-Cross laps, Маркер формирования костного матрикса P1NP, Креатинин, Фосфатаза щелочная, Кальций, Магний, Фосфор неорганический, АлАТ, АсАт) | F93: до 3 | G93: 4475 | H93: =VLOOKUP(A93,[1]Прейскурант!$B$10:$I$2573,8,0) -> 0
A94: ОБС124NEW | B94: Оценка метаболизма костной ткани и риска остеопороза: расширенное обследование (Общий анализ крови (ОАК), АлАТ, АсАТ, Глюкоза, Креатинин, Фосфатаза щелочная, Кальций общий, Магний в сыворотке крови, Фосфор неорганический, ТТГ, Паратиреоидный гормон, Лейкоцитарная формула, Остеокальцин, С-концевые телопептиды коллагена I типа, N-терминальный пропептид проколлагена 1 общий, 25-OH витамин D общий, Клубочковая фильтрация CKD-EPI, расчет) | F94: до 3 | G94: 8115 | H94: =VLOOKUP(A94,[1]Прейскурант!$B$10:$I$2573,8,0) -> #N/A
A95: ОБС125 | B95: Ревматоидный артрит (Общий анализ крови, СОЭ, Лейкоцитарная формула, АЦЦП, Ревматоидный фактор, С-Реактивный белок) | F95: до 2 | G95: 2450 | H95: =VLOOKUP(A95,[1]Прейскурант!$B$10:$I$2573,8,0) -> 0
A96: ОБС127 | B96: Липидный профиль не-натощак расширенный (Триглицериды, Холестерин общий, Холестерин-ЛПВП , Холестерин-ЛПНП, Холестерол - ЛПОНП, Холестерин не-ЛПВП, Аполипопротеин А1, Аполипопротеин В, Липопротеин) | F96: до 2 | G96: 2750 | H96: =VLOOKUP(A96,[1]Прейскурант!$B$10:$I$2573,8,0) -> 0
A97: ОБС128 | B97: Липидный профиль не-натощак скрининг (Триглицериды, Холестерин общий, Холестерин-ЛПВП, Холестерин-ЛПНП, Холестерин не-ЛПВП) | F97: до 2 | G97: 810 | H97: =VLOOKUP(A97,[1]Прейскурант!$B$10:$I$2573,8,0) -> 0
A98: ОБС129 | B98: Профиль веганы «Минимальный» (Общий анализ крови, СОЭ, Лейкоцитарная формула, Альбумин, Гомоцистеин, Кальций общий, 25-OH витамин D, Витамин B12, Ферритин, Цинк) | F98: до 7 | G98: 6445 | H98: =VLOOKUP(A98,[1]Прейскурант!$B$10:$I$2573,8,0) -> 0
A99: ОБС130 | B99: Профиль веганы «Базовый» (Общий анализ крови, СОЭ, Лейкоцитарная формула, Общий белок, Альбумин, Гомоцистеин, Холестерин общий, Магний, Фосфор неорганический, Кальций общий, 25-OH витамин D, Витамин B12, Ферритин, ТТГ, Цинк) | F99: до 7 | G99: 7565 | H99: =VLOOKUP(A99,[1]Прейскурант!$B$10:$I$2573,8,0) -> 0
A100: ОБС131 | B100: Профиль веганы «Расширенный» (Общий анализ крови, СОЭ, Лейкоцитарная формула, Глюкоза, Гликированный гемоглобин, Общий белок, Альбумин, Гомоцистеин, Триглицериды, Холестерин общий, Холестерин-ЛПВП, Холестерин-ЛПНП, Холестерин не-ЛПВП, АлАТ, АсАТ, Креатинин, Мочевина, Мочевая кислота, Магний, Фосфор неорганический, Кальций общий, 25-OH витамин D, Витамин B12, Омега-3 индекс, Ферритин, ТТГ, Цинк) | F100: до 7 | G100: 14385 | H100: =VLOOKUP(A100,[1]Прейскурант!$B$10:$I$2573,8,0) -> 0
A101: ОБС132 | B101: Профиль Первичный миелофиброз (Цитогенетический анализ клеток костного мозга (кариотип), Маркер развития Ph’-негативных хронических миелопролиферативных заболеваний (ХМПЗ): качественная оценка наличия соматической мутации V617F гена JAK2, Анализ мутаций в 12 экзоне JAK2 гена) | F101: до 22 | G101: 16070 | H101: =VLOOKUP(A101,[1]Прейскурант!$B$10:$I$2573,8,0) -> 0
... A112: ОБС144 | B112: Профиль Острые лимфобластные лейкозы (Цитогенетический анализ клеток костного мозга (кариотип), Анализ химерного гена BCR/ABL - t(9;22), определение типа транскрипта BCR/ABL гена, Анализ химерного гена MLL/AF4 -t(4;11), Анализ химерного гена E2A/PBX1 - t(1;19) ) | F112: до 8 | G112: 12310 | H112: =VLOOKUP(A112,[1]Прейскурант!$B$10:$I$2573,8,0) -> 0
A113: ОБС154 | B113: Биохимия крови: базовый профиль (Глюкоза, Общий белок, Билирубин общий, Холестерин общий, АлАТ, АсАТ, Креатинин, Мочевая кислота) | F113: 1 | G113: 1355 | H113: =VLOOKUP(A113,[1]Прейскурант!$B$10:$I$2573,8,0) -> 0
A114: ОБС155 | B114: Ежегодная профилактика: минимальный скрининг (Глюкоза, Холестерин общий, ТТГ) | F114: 1 | G114: 680 | H114: =VLOOKUP(A114,[1]Прейскурант!$B$10:$I$2573,8,0) -> 0
...

Sheet Лист1
A3: ОБС154 | B3: ОБС154 Биохимия крови: базовый профиль (Глюкоза, Общий белок, Билирубин общий, Холестерин общий, АлАТ, АсАТ, Креатинин, Мочевая кислота) Цена:1355
A4: обс74 | B4: БИОХИМИЯ крови: минимальный профиль (Креатинин (в крови), Мочевина (в крови), Глюкоза (в крови), Холестерин общий , Билирубин общий, Билирубин прямой , АлАТ , АсАТ , Гамма-ГТ, Фосфатаза щёлочная , Общий белок (в крови), K/Na/Cl)
A5: ОБС73 | B5: БИОХИМИЯ крови: расширенный профиль (Креатинин (в крови), Мочевина (в крови), Глюкоза (в крови), Триглицериды, Холестерин общий, Холестерин-ЛПВП, Холестерин-ЛПНП, Холестерин не-ЛПВП, Билирубин общий, Билирубин прямой , АлАТ , АсАТ, Альфа-Амилаза , Гамма-ГТ, ЛДГ , Фосфатаза щёлочная , Общий белок (в крови), K/Na/Cl, Железо сыворотки, Кальций общий)
A6: ОБС79 | B6: Ежегодное ПРОФИЛАКТИЧЕСКОЕ лабораторное обследование (Креатинин (в крови), Мочевина (в крови), Глюкоза (в крови), Триглицериды, Холестерин общий, Холестерин-ЛПВП, Холестерин-ЛПНП, Холестерин не-ЛПВП, Билирубин общий, Билирубин прямой , АлАТ, АсАТ, Гамма-ГТ,Фосфатаза щёлочная, С-реактивный белок, ТТГ, Общий анализ крови (без лейкоцитарной формулы и СОЭ), СОЭ,Общий белок (в крови), Железо сыворотки, Кальций общий, Лейкоцитарная формула)
A7: ОБС200 | B7: Липидный профиль: «Здоровое сердце» (Триглицериды, Холестерол общий, Холестерол-ЛПВП)
A8: ОБС54 | B8: Липидный профиль скрининг (Триглицериды, Холестерин общий, Холестерин-ЛПВП, Холестерин-ЛПНП, Холестерин не-ЛПВП)
A9: ОБС155 | B9: Ежегодная профилактика: минимальный скрининг (Глюкоза, Холестерин общий, ТТГ)
A10: ОБС207 | B10: Щитовидная железа: минимальный (Т4 свободный, ТТГ)
A11: ОБС66 | B11: Контроль ДИАБЕТА скрининг (Глюкоза (в крови), Гликированный гемоглобин)
A12: ОБС76 | B12: ЩИТОВИДНАЯ ЖЕЛЕЗА: скрининг (ТТГ, Т4 свободный, АТ-ТПО)
A13: ОБС233 | B13: Лабораторное обследование при артериальной гипертензии (Общий анализ крови, Глюкоза, Креатинин, Холестерин общий (Холестерин), Холестерин ЛПВП, Холестерин-ЛПНП (по Фридвальду), Триглицериды (ТГ), Калий/Натрий/Хлор в сыворотке, Мочевая кислота, АЛТ, АСТ)
A14: ОБС90 | B14: ВИЧ, сифилис, гепатит В, С (Антитела к ВИЧ 1 и 2 и антиген ВИЧ 1 и 2, Сифилис RPR , Сифилис (анти-Tr. pallidum IgG/IgM), Anti-HCV-total, HBsAg)
... A25: ОБС80 | B25: ЖЕНСКИЙ ГОРМОНАЛЬНЫЙ профиль: дисфункция яичников, нарушение менструального цикла (Кортизол, ТТГ, ФСГ, ЛГ, Пролактин, Эстрадиол, ДЭА-S04, Тестостерон, ГСПГ, 17-ОН прогестерон)
